 Dungeon Crawl Stone Soup version 0.30-a0-605-gb2882149bf (webtiles) character file.

Game seed: 2810366809476492235

6881 acebull12 the Covert (level 10, -1/51 HPs)
             Began as a Spriggan Warper on Jan 8, 2023.
             Was a Priest of Dithmenos.
             Succumbed to a gnoll sergeant's poison
             ... on level 9 of the Dungeon.
             The game lasted 00:46:04 (12056 turns).

acebull12 the Covert (Spriggan Warper)             Turns: 12056, Time: 00:46:05

Health: -1/51      AC:  5    Str: 17    XL:     10   Next: 79%
Magic:  21/21      EV: 21    Int: 18    God:    Dithmenos [***...]
Gold:   787        SH:  0    Dex: 16    Spells: 12/22 levels left

rFire   . . .      SeeInvis +    h - +2 dagger (venom)
rCold   . . .      Faith    .    (no shield)
rNeg    . . .      Spirit   .    d - +1 robe of Tenacity {Str+4}
rPois   +          Reflect  .    (helmet restricted)
rElec   .          Harm     .    (no cloak)
rCorr   .          Rampage  .    (gloves unavailable)
Will    +....                    (boots unavailable)
Stlth   ++++++++                 (no amulet)
HPRegen 0.28/turn                E - ring of poison resistance
MPRegen 0.17/turn                n - +6 ring of strength

@: lethally poisoned (-1 -> -11), wreathed by umbra, very quick
A: very small, no large weapons, unfitting armour, see invisible, speed 3,
talons 1, iridescent scales 1, wild magic 1
a: Renounce Religion, Shadow Step


You were on level 9 of the Dungeon.
You worshipped Dithmenos.
Dithmenos was most pleased with you.
You visited 2 branches of the dungeon, and saw 10 of its levels.

You collected 787 gold pieces.

Inventory:

Hand Weapons
 h - a +2 dagger of venom (weapon)
 z - the +7 falchion of Superiority {holy, MP-9 Str+5 Dex+2}
   (You found it on level 4 of the Dungeon)

   Str:       It affects your strength (+5).
   Dex:       It affects your dexterity (+2).
   MP:        It affects your magic capacity (-9).
Armour
 b - a +0 robe
 d - the +1 robe of Tenacity (worn) {Str+4}
   (You took it off a gnoll on level 5 of the Dungeon)

   Str:       It affects your strength (+4).
 i - a +0 troll leather armour
 J - +0 steam dragon scales
Jewellery
 l - a ring of positive energy
 n - a +6 ring of strength (right hand)
 A - an amulet of guardian spirit
 E - a ring of poison resistance (left hand)
Wands
 u - a wand of flame (11)
 x - a wand of paralysis (12)
 C - a wand of light (9)
Scrolls
 a - a scroll of poison {unknown}
 c - a scroll of blinking
 e - 3 scrolls of amnesia {unknown}
 j - 6 scrolls of teleportation
 k - 3 scrolls of noise {unknown}
 q - a scroll of vulnerability {unknown}
 s - a scroll of brand weapon {unknown}
 w - a scroll of acquirement {unknown}
 y - 2 scrolls of immolation {unknown}
 B - a scroll of enchant armour {unknown}
 D - 2 scrolls of enchant weapon {unknown}
 H - 3 scrolls of fear {unknown}
 I - a scroll of magic mapping {unknown}
Potions
 f - a potion of might {unknown}
 g - 3 potions of heal wounds
 m - a potion of degeneration {unknown}
 o - 3 potions of brilliance
 p - 4 potions of curing
 r - 2 potions of invisibility
 t - 2 potions of cancellation
 v - 2 potions of ambrosia
 F - a potion of magic


   Skills:
 * Level 4.6 Fighting
 * Level 8.9(9.0) Short Blades
 + Level 0.7(4.2) Long Blades
 + Level 1.6 Throwing
 + Level 7.5 Dodging
 * Level 13.8 Stealth
 * Level 6.7 Spellcasting
 * Level 8.8 Translocations
 * Level 3.4 Air Magic
 + Level 0.2 Evocations


You had 12 spell levels left.
You knew the following spells:

 Your Spells              Type           Power      Damage    Failure   Level
a - Blink                 Tloc           98%        N/A       1%          2
b - Shock                 Conj/Air       60%        1d6       9%          1
c - Vhi's Electric Charg  Tloc/Air       72%        N/A       4%          3
d - Manifold Assault      Tloc           49%        N/A       5%          4

Your spell library contained the following spells:

 Spells                   Type           Power      Damage    Failure   Level
 Lesser Beckoning         Tloc           98%        N/A       1%          3
 Teleport Other           Tloc           49%        N/A       1%          3
 Portal Projectile        Hex/Tloc       56%        N/A       9%          3
 Kindle Blastsparks       Fire/Tloc/Air  52%        2d14      10%         3
 Poisonous Vapours        Pois/Air       30%        N/A       13%         2
 Static Discharge         Conj/Air       30%        2-4/arc   13%         2
 Swiftness                Air            23%        N/A       13%         3
 Freeze                   Ice            28%        1d5       16%         1
 Sandblast                Erth           14%        2d6       16%         1
 Sting                    Tmut/Pois      28%        1d4       16%         1
 Passwall                 Tmut/Erth      5%         N/A       24%         2
 Wereblood                Tmut           7%         N/A       24%         2
 Iskenderun's Mystic Bla  Conj/Tloc      28%        2d7       26%         4
 Airstrike                Air            11%        2d(2-18)  34%         4
 Hailstorm                Conj/Ice       7%         3d4       41%         3
 Ozocubu's Armour         Ice            7%         N/A       41%         3
 Stone Arrow              Conj/Erth      14%        3d7       41%         3
 Fulminant Prism          Conj/Hex       3%         3d5       80%         4
 Olgreb's Toxic Radiance  Pois           7%         N/A       80%         4
 Lee's Rapid Deconstruct  Erth           3%         3d5*      98%         5
 Metabolic Englaciation   Hex/Ice        3%         N/A       98%         5
 Simulacrum               Ice/Necr       3%         N/A       100%        6


Dungeon Overview and Level Annotations

Branches:
Dungeon (9/15)             Temple (1/1) D:5            Lair (0/5) D:9
    Orc: D:9-12

Altars:
Ashenzari
Cheibriados
Dithmenos
Elyvilon
Fedhas
Gozag
Hepliaklqana
Nemelex Xobeh
Okawaru
Qazlal
Ru
Sif Muna
Trog
Uskayaw
Wu Jian
Xom
Yredelemnul
Zin
The Shining One

Shops:
D:2 *   D:7 !

Annotations:
D:8 1 runed translucent door, Darkkill's ghost, novice MiHu


Innate Abilities, Weirdness & Mutations

You are very small and have problems with some larger weapons.
You are too small for most types of armour.
You have supernaturally acute eyesight. (SInv)
You cover ground extremely quickly. (Speed+++)
You have sharp toenails.
You are partially covered in iridescent scales. (AC +2)
Your spells are a little harder to cast, but a little more powerful.


Message History

You hit the howler monkey but do no damage.
The howler monkey is poisoned.
You claw the howler monkey.
The howler monkey is severely wounded.
You closely miss the howler monkey. Your kick misses the howler monkey.
The howler monkey is almost dead.
The howler monkey hoots and howls with incredible vigour!
You hear an angry hiss.
You hit the howler monkey.
You claw the howler monkey, but do no damage.
The howler monkey is almost dead.
You hit the howler monkey.
You kill the howler monkey!
Dithmenos accepts your kill.
Which direction?
You close the door, pushing everything out of the way.
You start resting.
Something unseen opens the door.
You start resting.
A gnoll sergeant is nearby!
You hit the gnoll sergeant.
The gnoll sergeant is poisoned.
The gnoll sergeant is moderately wounded.
The gnoll sergeant hits you with a +2 spear of venom!
* * * LOW HITPOINT WARNING * * *
You are lethally poisoned!
You hit the gnoll sergeant.
The gnoll sergeant looks as sick as possible!
The gnoll sergeant is heavily wounded.
* * * LOW HITPOINT WARNING * * *
You feel very sick.
The gnoll sergeant hits you with a +2 spear of venom.
* * * LOW HITPOINT WARNING * * *
The orc warrior hits you from afar with a +2 trident of venom.
* * * LOW HITPOINT WARNING * * *
You barely miss the gnoll sergeant. You claw the gnoll sergeant.
The gnoll sergeant is heavily wounded.
* * * LOW HITPOINT WARNING * * *
You feel sick.
Blink to where?
Press: ? - help, Dir - move target
As you read the scroll of blinking, it crumbles to dust.
You die...

##########'###############))#
#.# ##.....###.........#).#
#.# ##.......##.#+###+#.#..#
#.#
#...#.#...#)#.....#)#..###.#
#..##.##..#.###'###.#......#
#...)#....'.'.....'.#)..####
#..##.##..#.###'###.#.>.#
#...#)#...#.#...).#.#.#.#
##.......##@#'###)#.#.#.#
##.....###...§.÷...#.#.#
####### #####g#####...#
####.######...o...##..##
#..#.#..##..h###...#.##
#..#... #.....##..#.#
#..###.#.#####.#....##.#.#
#'.....h...'.#.....#.#.#
#.h#####.#o###.##....###.#


You could see a gnoll sergeant (extremely poisoned).

Vanquished Creatures
  A manticore (D:8)
  A kobold demonologist (D:9)
  2 trolls (D:9)
  Grinder (D:3)
  3 steam dragons
  4 yaks
  A vampire mosquito (D:9)
  2 acid dragons (D:9)
  A sky beast (D:7)
  3 ice beasts
  5 orc warriors
  A black bear (D:7)
  An ogre (D:6)
  3 centaurs
  3 kobold brigands
  5 bullfrogs
  A gnoll sergeant (D:9)
  5 scorpions
  10 wights
  16 killer bees
  2 howler monkeys
  3 hounds
  Crazy Yiuf (D:6)
  3 jellies
  3 iguanas (D:5)
  5 orc priests
  Jessica (D:3)
  6 orc wizards
  Robin (D:2)
  3 gnolls (D:5)
  6 adders
  A shadow imp (D:7)
  2 white imps
  An ufetubus (D:5)
  3 worms
  2 dart slugs
  23 orcs
  3 ball pythons
  4 bats
  6 endoplasms
  4 giant cockroaches
  15 goblins
  11 hobgoblins
  2 jackals (D:1)
  2 quokkas
  6 frilled lizards
  16 kobolds
  6 rats
210 creatures vanquished.

Vanquished Creatures (others)
  7 fungi
  22 plants
29 creatures vanquished.

Grand Total: 239 creatures vanquished

Notes
Turn   | Place    | Note
-------+----------+-------------------------------------------
     0 | D:1      | acebull12 the Spriggan Warper began the quest for the Orb.
     0 | D:1      | Reached XP level 1. HP: 10/10 MP: 5/5
   122 | D:1      | Reached XP level 2. HP: 14/14 MP: 6/6
   129 | D:1      | Reached skill level 1 in Stealth
   637 | D:1      | Reached skill level 5 in Translocations
   952 | D:1      | Learned a level 2 spell: Blink
  1240 | D:2      | Reached XP level 3. HP: 18/18 MP: 8/8
  1448 | D:2      | Learned a level 1 spell: Shock
  1612 | D:2      | Found Vouvax's General Store.
  1862 | D:2      | Got the Meditations on Clouds and Forms
  1914 | D:2      | Noticed Robin
  2012 | D:2      | Reached XP level 4. HP: 21/23 MP: 9/9
  2051 | D:2      | Killed Robin
  2587 | D:3      | Reached skill level 2 in Stealth
  2692 | D:3      | Found a snail-covered altar of Cheibriados.
  2742 | D:3      | Noticed Grinder
  2750 | D:3      | Paralysed by Grinder for 3 turns
  2758 | D:3      | Paralysed by Grinder for 2 turns
  2763 | D:3      | Killed Grinder
  2764 | D:3      | Reached skill level 3 in Stealth
  2764 | D:3      | Reached XP level 5. HP: 10/27 MP: 9/11
  2764 | D:3      | Reached XP level 6. HP: 12/32 MP: 9/12
  2983 | D:3      | Found a blossoming altar of Fedhas.
  3084 | D:3      | Found an ornate altar of the Wu Jian Council.
  3086 | D:3      | Noticed Jessica
  3092 | D:3      | Killed Jessica
  3262 | D:4      | Reached skill level 4 in Stealth
  3390 | D:4      | Got the Precepts of Cold and Portals
  3490 | D:4      | Found a glowing golden altar of the Shining One.
  4145 | D:4      | Identified the +7 falchion of Superiority {holy, MP-9 Str+5
                  | Dex+2}
  4274 | D:5      | Entered Level 5 of the Dungeon
  4364 | D:5      | Reached skill level 5 in Stealth
  4364 | D:5      | Reached XP level 7. HP: 22/35 MP: 4/13
  4610 | D:5      | Reached skill level 5 in Short Blades
  4693 | D:5      | Identified the +1 robe of Tenacity {Str+4}
  4715 | D:5      | Found a staircase to the Ecumenical Temple.
  4727 | Temple   | Entered the Ecumenical Temple
  4784 | Temple   | Became a worshipper of Dithmenos the Shadowed
  5052 | D:5      | Reached skill level 6 in Stealth
  5412 | D:5      | Reached skill level 5 in Dodging
  5482 | D:6      | Reached skill level 7 in Stealth
  5482 | D:6      | Reached XP level 8. HP: 40/40 MP: 15/15
  6082 | D:5      | Reached skill level 8 in Stealth
  6278 | D:6      | Reached * piety under Dithmenos
  6560 | D:6      | Found a runed translucent door.
  6561 | D:6      | Noticed Crazy Yiuf
  6708 | D:6      | Killed Crazy Yiuf
  6709 | D:6      | Reached skill level 9 in Stealth
  6709 | D:6      | Reached skill level 5 in Spellcasting
  6860 | D:7      | Learned a level 3 spell: Vhi's Electric Charge
  6892 | D:7      | Found Fogar's Distillery.
  7056 | D:7      | Reached XP level 9. HP: 15/45 MP: 17/17
  7598 | D:7      | Reached skill level 1 in Air Magic
  7673 | D:6      | Reached skill level 10 in Stealth
  7863 | D:7      | Found a stormy altar of Qazlal.
  8406 | D:7      | Found an opulent altar of Gozag.
  8542 | D:8      | Identified the +5 war axe "Onumoq" {freeze, *Noise SInv
                  | Stlth+}
  8629 | D:8      | Noticed a manticore
  8631 | D:8      | Killed a manticore
  9205 | D:8      | Reached ** piety under Dithmenos
  9226 | D:8      | Found a runed translucent door.
  9227 | D:8      | Noticed Darkkill's ghost (novice MiHu)
  9253 | D:8      | Learned a level 4 spell: Manifold Assault
  9871 | D:7      | Gained mutation: You have sharp toenails. [potion of
                  | mutation]
  9871 | D:7      | Gained mutation: You are partially covered in iridescent
                  | scales. (AC +2) [potion of mutation]
  9871 | D:7      | Gained mutation: Your spells are a little harder to cast,
                  | but a little more powerful. [potion of mutation]
  9992 | D:8      | Identified the +10 spear "Testudinebane" {spect, rF+ rN++}
 10143 | D:8      | Reached XP level 10. HP: 41/42 MP: 20/20
 10323 | D:9      | Found a staircase to the Lair.
 10780 | D:9      | Reached skill level 11 in Stealth
 10905 | D:9      | Reached skill level 12 in Stealth
 11346 | D:9      | Reached skill level 13 in Stealth
 11941 | D:9      | Reached *** piety under Dithmenos
 12055 | D:9      | HP: 2/51 [poisoned by a gnoll sergeant]
 12056 | D:9      | Succumbed to a gnoll sergeant's poison

Illustrated notes

Levels and vault maps discovered:
D:1:      psy_arrival_conway, layout_basic
D:2:      layout_basic, serial_shops, shop, uniq_robin
D:3:      layout_rooms, cheibriados_altar_1, fedhas_altar_2,
          nicolae_wu_jian_immortal_techniques, minmay_bisected, uniq_jessica,
          uniq_grinder
D:4:      layout_basic, nicolae_tso_carved_into_rock
D:5:      layout_basic, minmay_temple_entry_nine_rooms, hangedman_decor_opposing
D:6:      layout_cave_pools, dk_noncrumbling_2, uniq_crazy_yiuf_cottage
D:7:      layout_rooms, nicolae_overflow_hidden_temple, kennysheep_mini_moat,
          serial_shops, shop_statue
D:8:      layout_gridville, ebering_ghost_funeral_grove
D:9:      minmay_the_grid_4x2 [minmay_the_grid_garden,
          minmay_the_grid_stretched_grid, minmay_the_grid_rooms,
          minmay_the_grid_eight, minmay_the_grid_plusring,
          minmay_the_grid_doors, minmay_the_grid_dragon_a,
          minmay_the_grid_prize_shrinking_boxes], layout_basic,
          dpeg_oklobed_lair, grunt_decor_fettered, chequers_hall_statues_wall_a
Temple:   nicolae_temple_ecumenical_triangle

Skill      XL: |  1  2  3  4  5  6  7  8  9 10 |
---------------+-------------------------------+-----
Stealth        | 1 3 5 7 9 10 13 | 13.8
Translocations | 5 6 7 8 |  8.8
Fighting       | 2 3 4 |  4.6
Dodging        | 4 5 6 7 |  7.5
Spellcasting   | 3 4 5 6 |  6.7
Short Blades   | 4 5 6 8 |  8.9
Air Magic      | 2 3 |  3.4
Long Blades    | |  0.7
Throwing       | |  1.6
Evocations     | |  0.2

Action                   |  1- 3 |  4- 6 |  7- 9 | 10-12 || total
-------------------------+-------+-------+-------+-------++-------
Melee: Short sword       |    26 |       |       |       ||    26
       Dagger            |    87 |   101 |   477 |   193 ||   858
       Punch             |     2 |     1 |     6 |     3 ||    12
       Falchion          |       |     7 |    10 |       ||    17
       Kick              |       |       |     9 |    66 ||    75
Throw: Boomerang         |       |       |     7 |       ||     7
 Cast: Blink             |       |       |     3 |       ||     3
Evoke: Wand              |       |       |     4 |       ||     4
  Use: Scroll            |       |       |     9 |     2 ||    11
       Potion            |       |       |     1 |       ||     1
 Stab: Sleeping          |     4 |     9 |    16 |     8 ||    37
       Distracted        |       |       |     4 |     1 ||     5
       Paralysed         |       |       |     1 |       ||     1
Armor: Robe              |     8 |     3 |    29 |     6 ||    46
Dodge: Dodged            |    60 |    67 |   377 |   149 ||   653

Table legend: (Time is in decaauts)
 A = Elapsed time spent in this place.
 B = Non-inter-level travel time spent in this place.
 C = Inter-level travel time spent in this place.
 D = Time resting spent in this place.
 E = Time spent auto-exploring this place.
 F = Levels seen in this place.
 G = Mean time per level.
                   A        B        C        D        E       F      G
               +--------+--------+--------+--------+--------+-----+--------+
         Total |   8699 |   8065 |    634 |   1971 |   3722 |  10 |  869.9 |
       Dungeon |   8657 |   8023 |    634 |   1971 |   3722 |   9 |  961.9 |
        Temple |     42 |     42 |      0 |      0 |      0 |   1 |   42.0 |
               +--------+--------+--------+--------+--------+-----+--------+

Top non-repeatable levels by time:
     D:6: 1319 daAuts
     D:7: 1184 daAuts
     D:9: 1120 daAuts
     D:8: 1116 daAuts
     D:5: 944 daAuts
     D:2: 837 daAuts
     D:4: 820 daAuts
     D:1: 814 daAuts
     D:3: 499 daAuts
  Temple: 42 daAuts
